Map: Whirlwind LE (Void)

Players

Stoeymill - Winner!

  • Race: Terran Terran
  • League: Gold
  • Spawn Location: 11:00

Fropez

  • Race: Protoss Protoss
  • League: Gold
  • Spawn Location: 5:00

VOD

Have the link to the VOD?

Description

Time

  • Played on: Jan. 10, 2017, 10:41 a.m.
  • Length: 15:36
Show
View Real Time Build Order
Export as new Build Order

Stoeymill Terran - Winner!

Build Orders:  

Get SALT Encoding   

  12  0:01  SCV  
  13  0:14  Supply Depot  
  13  0:18  SCV  
  14  0:25  Refinery  
  14  0:38  Barracks  
  14  0:42  SCV  
  15  0:55  Supply Depot  
  16  0:57  SCV  
  16  1:09  SCV  
  17  1:22  SCV  
  18  1:30  Barracks Reactor  
  18  1:48  Command Center  
  18  1:50  SCV  
  19  2:03  SCV, Engineering Bay  
  20  2:11  Marine x2  
  22  2:15  SCV  
  23  2:27  SCV  
  23  2:29  Marine  
  25  2:34  Marine  
  26  2:41  Orbital Command  
  26  2:48  Missile Turret  
  26  3:02  Bunker  
  26  3:10  SCV  
  26  3:11  Factory  
  27  3:17  Missile Turret  
  27  3:21  Orbital Command  
  27  3:25  Marine  
  28  3:27  SCV  
  28  3:31  Marine  
  30  3:41  SCV  
  31  3:43  Marine  
  31  3:48  Refinery  
  32  3:50  Marine, SCV  
  32  3:53  SCV  
  32  3:54  Widow Mine  
  37  4:00  Starport  
  37  4:05  Supply Depot  
  37  4:07  SCV x2  
  39  4:21  SCV x2  
  39  4:22  Marine x2  
  39  4:24  Factory Tech Lab  
  43  4:29  Supply Depot  
  43  4:36  Medivac  
  45  4:39  Marine  
  45  4:40  Marine  
  45  4:45  Barracks  
  47  4:46  SCV  
  47  4:47  SCV  
  49  4:53  Supply Depot  
  49  4:54  Siege Tank  
  49  4:55  Barracks  
  52  5:04  Marine x2  
  54  5:15  Supply Depot  
  54  5:21  SCV x2  
  56  5:22  Marine  
  56  5:26  Starport Reactor  
  56  5:27  Terran Infantry Weapons Level 1  
  57  5:32  Refinery, Engineering Bay  
  57  5:35  SCV x2  
  59  5:38  Supply Depot, Refinery  
  59  5:39  Marine  
  59  5:41  Barracks Tech Lab  
  60  5:43  Barracks Reactor  
  60  5:44  Siege Tank  
  63  5:52  SCV x2  
  65  6:04  Marine x2, Supply Depot  
  65  6:05  Medivac  
  65  6:07  SCV x2  
  71  6:13  Missile Turret  
  71  6:21  Widow Mine  
  71  6:23  Marauder  
  75  6:26  Supply Depot  
  75  6:44  Marauder  
  75  6:45  Marine x2  
  75  6:46  Marine x2  
  79  6:59  Medivac  
  79  7:00  Medivac  
  83  7:02  Siege Tank  
  83  7:03  Marine  
  83  7:04  Marine x2  
  83  7:05  Marine  
  83  7:06  Marauder  
  92  7:12  Missile Turret  
  92  7:21  Marine  
  91  7:29  Command Center, Medivac  
  93  7:37  Liberator  
  93  7:38  Siege Tank  
  93  7:39  Marine  
  93  7:42  Marine  
  93  7:43  Marauder  
  100  7:50  Liberator  
  100  7:55  SCV  
  100  7:57  SCV  
  105  7:59  Marine  
  105  8:04  Marauder  
  108  8:08  Marine x2  
  108  8:10  Siege Tank, SCV x2  
  118  8:41  Marine x3, Medivac  
  123  8:42  Siege Tank  
  123  8:44  Marine  
  123  8:45  Marine  
  128  8:50  Orbital Command  
  128  8:54  Terran Infantry Armor Level 1  
  128  8:58  Marine  
  128  8:59  Armory  
  129  9:03  Marauder  
  131  9:21  Siege Tank  
  134  9:26  Missile Turret  
  134  9:28  Missile Turret  
  132  9:33  Liberator  
  132  9:34  Liberator  
  132  9:37  Marine x2  
  134  9:46  Marine x3  
  143  9:53  Siege Tank  
  143  9:55  Marine  
  143  9:58  Marine  
  148  10:02  Terran Infantry Weapons Level 2  
  148  10:03  SCV  
  149  10:07  Refinery  
  149  10:08  Refinery  
  149  10:14  Supply Depot  
  149  10:15  Supply Depot  
  149  10:27  SCV  
  149  10:28  Marine x2  
  149  10:36  Siege Tank  
  149  10:37  Supply Depot  
  149  10:39  Supply Depot  
  129  10:51  Marine x3  
  129  10:52  Marine x2  
  126  11:07  Widow Mine  
  126  11:09  Marine x2  
  126  11:10  Marauder  
  126  11:11  Medivac x2  
  131  11:31  Marauder  
  129  11:36  Siege Tank  
  129  11:37  Marine x4  
  136  11:41  Medivac  
  136  11:52  Marine  
  130  11:54  Marine  
  130  11:55  Marine x3  
  134  12:08  Siege Tank  
  134  12:10  Marine  
  134  12:12  Marine x2  
  134  12:13  Marine  
  134  12:15  Marine  
  142  12:21  Barracks x3  
  142  12:23  SCV x2  
  142  12:24  Ghost Academy  
  142  12:28  Marine  
  145  12:30  Marine x2, Medivac x2  
  151  12:39  Stimpack  
  151  12:40  Terran Infantry Weapons Level 3  
  151  12:45  Terran Infantry Armor Level 2  
  151  12:46  Marauder, Terran Vehicle Weapons Level 1, Liberator x2  
  151  12:47  Marine x2  
  151  12:48  Siege Tank  
  158  12:52  Marine x2  
  160  13:04  Marine  
  160  13:05  Marine  
  168  13:07  Marine  
  168  13:10  Marine  
  168  13:35  Marine x2  
  168  13:36  Marine  
  171  13:47  Marauder  
  173  13:54  Marine x3  
  173  13:55  Marine  
  177  14:08  Marauder  
  176  14:12  Marine x4  
  175  14:30  Marine x4, Marauder  
  174  14:42  Siege Tank  
  177  14:48  Marine x4  
  177  14:51  Marine  
Show
View Real Time Build Order
Export as new Build Order

Fropez Protoss 

Build Orders: 1 Gate Expand 

Get SALT Encoding   

  12  0:01  Probe (Chrono Boost)  
  13  0:11  Probe (Chrono Boost)  
  14  0:30  Pylon  
  14  0:37  Probe (Chrono Boost)  
  15  0:43  Assimilator  
  15  0:48  Probe (Chrono Boost)  
  16  0:59  Probe (Chrono Boost), Gateway  
  17  1:11  Probe (Chrono Boost)  
  18  1:22  Probe (Chrono Boost)  
  18  1:23  Nexus  
  19  1:30  Assimilator  
  20  1:32  Probe (Chrono Boost)  
  20  1:45  Pylon  
  20  1:51  Pylon  
  20  1:52  Probe (Chrono Boost)  
  21  2:02  Probe (Chrono Boost)  
  21  2:05  Assimilator  
  22  2:13  Probe (Chrono Boost)  
  22  2:14  Pylon  
  23  2:22  Assimilator  
  23  2:23  Probe (Chrono Boost)  
  23  2:34  Cybernetics Core  
  23  2:40  Probe (Chrono Boost)  
  23  2:41  Probe (Chrono Boost)  
  23  2:43  Gateway  
  25  2:53  Zealot  
  27  3:03  Warp Gate  
  27  3:06  Probe (Chrono Boost)  
  27  3:12  Mothership Core (Chrono Boost)  
  30  3:14  Assimilator  
  30  3:17  Probe (Chrono Boost)  
  31  3:20  Adept  
  31  3:24  Pylon  
  33  3:27  Probe (Chrono Boost)  
  33  3:30  Adept, Probe (Chrono Boost)  
  33  3:31  Assimilator  
  37  3:38  Probe (Chrono Boost)  
  37  3:55  Nexus  
  38  4:02  Probe (Chrono Boost)  
  39  4:11  Probe (Chrono Boost)  
  39  4:14  Pylon  
  39  4:15  Probe (Chrono Boost)  
  40  4:23  Probe (Chrono Boost)  
  41  4:29  Probe (Chrono Boost)  
  42  4:40  Probe (Chrono Boost)  
  42  4:42  Adept  
  42  4:43  Adept, Probe (Chrono Boost)  
  48  4:50  Twilight Council  
  48  5:00  Robotics Facility  
  48  5:01  Probe (Chrono Boost)  
  48  5:06  Probe (Chrono Boost)  
  50  5:10  Pylon  
  50  5:13  Probe (Chrono Boost)  
  51  5:15  Pylon  
  51  5:19  Probe (Chrono Boost)  
  51  5:21  Probe (Chrono Boost)  
  53  5:29  Adept x2  
  57  5:40  Gateway  
  57  5:42  Pylon, Probe (Chrono Boost)  
  59  5:44  Probe (Chrono Boost)  
  59  5:48  Probe (Chrono Boost)  
  60  5:50  Blink  
  60  5:55  Gateway  
  60  5:56  Probe (Chrono Boost)  
  61  5:58  Pylon  
  61  5:59  Forge  
  61  6:01  Stalker x2  
  66  6:04  Probe (Chrono Boost)  
  66  6:13  Pylon, Probe x2 (Chrono Boost)  
  69  6:18  Assimilator  
  69  6:20  Probe (Chrono Boost)  
  69  6:22  Observer, Assimilator  
  69  6:23  Probe (Chrono Boost)  
  69  6:24  Probe (Chrono Boost)  
  72  6:27  Stalker  
  75  6:33  Probe (Chrono Boost)  
  75  6:34  Probe (Chrono Boost)  
  71  6:41  Stalker x2  
  72  7:14  Probe (Chrono Boost)  
  72  7:15  Probe (Chrono Boost)  
  75  7:16  Probe (Chrono Boost)  
  75  7:22  Protoss Ground Weapons Level 1  
  75  7:23  Pylon  
  75  7:30  Gateway  
  75  7:32  Pylon  
  75  7:36  Photon Cannon  
  75  7:39  Adept x3  
  75  7:40  Immortal  
  75  7:43  Photon Cannon  
  85  7:52  Photon Cannon  
  85  7:54  Photon Cannon, Gateway  
  85  7:56  Pylon  
  85  7:57  Gateway  
  85  8:00  Gateway  
  85  8:03  Probe x2 (Chrono Boost)  
  85  8:04  Gateway  
  87  8:06  Pylon  
  87  8:07  Gateway  
  87  8:09  Probe (Chrono Boost)  
  87  8:10  Pylon  
  88  8:14  Immortal  
  92  8:20  Stalker x2  
  85  8:29  Adept x2  
  85  8:30  Adept  
  89  8:54  Probe x2 (Chrono Boost)  
  89  8:55  Photon Cannon  
  91  8:57  Pylon  
  87  9:05  Probe (Chrono Boost)  
  87  9:06  Probe x2 (Chrono Boost)  
  90  9:15  Adept x3  
  90  9:16  Adept x3  
  103  9:18  Probe (Chrono Boost)  
  103  9:19  Resonating Glaives  
  103  9:22  Warp Prism  
  104  9:33  Pylon  
  104  9:37  Photon Cannon  
  104  9:42  Probe (Chrono Boost)  
  104  9:43  Probe (Chrono Boost)  
  106  9:51  Adept x2  
  110  9:55  Observer, Protoss Ground Weapons Level 2  
  111  10:04  Probe (Chrono Boost)  
  111  10:05  Probe x2 (Chrono Boost)  
  114  10:14  Probe (Chrono Boost)  
  114  10:16  Dark Shrine  
  114  10:17  Probe (Chrono Boost)  
  112  10:22  Forge  
  112  10:27  Adept x2  
  96  10:49  Stalker x3  
  78  10:50  Stalker  
  60  11:09  Stalker x4  
  51  11:34  Adept x5  
  51  11:35  Adept  
  61  11:41  Mothership Core (Chrono Boost)  
  63  11:52  Stalker x2  
  61  12:04  Probe x2 (Chrono Boost)  
  61  12:08  Warp Prism, Protoss Ground Weapons Level 3  
  61  12:10  Probe (Chrono Boost)  
  61  12:14  Protoss Shields Level 1  
  64  12:39  Pylon, Templar Archives  
  64  12:42  Pylon  
  64  12:50  Probe (Chrono Boost)  
  67  12:52  Probe x2 (Chrono Boost)  
  67  13:02  Pylon  
  67  13:09  Stalker x6  
  67  13:10  Stalker  
  81  13:14  Observer  
  82  13:25  Probe x2 (Chrono Boost)  
  84  13:35  Stalker  
  84  13:36  Stalker x5  
  94  13:52  Dark Templar x2  
  87  14:23  Dark Templar x3  
  82  14:40  Dark Templar  
  80  14:47  Nexus  
  78  15:16  Dark Templar  
Tags
 
Add a new tag
Caveats
  • Supply blocks, unpowered buildings, or Contaminate may cause inaccurate times.
  • Supply counts are checked every 10 seconds.